 Dungeon Crawl Stone Soup version 0.19-a0-1899-g2d93087 (webtiles) character file.

2170 Amnesiac the Grappler (level 9, -2/88 HPs)
             Began as a Troll Monk on Oct 19, 2016.
             Was a Priest of Okawaru.
             Slain by a yak (12 damage)
             ... on level 8 of the Dungeon.
             The game lasted 00:05:09 (2294 turns).

Amnesiac the Grappler (Troll Monk)                  Turns: 2294, Time: 00:05:10

Health: -2/88      AC:  7    Str: 21    XL:     9   Next: 11%
Magic:  8/8        EV: 13    Int:  6    God:    Okawaru [***...]
Gold:   169        SH:  4    Dex: 15    Spells: 0 memorised, 8 levels left

rFire  . . .     SeeInvis .       - Unarmed
rCold  . . .     Gourm    +     a - +0 robe
rNeg   . . .     Faith    .     (no shield)
rPois  .         Spirit   .     (helmet restricted)
rElec  .         Reflect  +     e - +1 cloak
rCorr  .         Harm     .     (gloves unavailable)
MR     .....                    (boots unavailable)
Stlth  ++........               j - +4 amulet of reflection
                                (no ring)
                                (no ring)

@: no status effects
A: unfitting armour, claws 3, fast metabolism 3, gourmand, regeneration 1,
shaggy fur 1, tough skin 2
a: Heroism, Renounce Religion


You were on level 8 of the Dungeon.
You worshipped Okawaru.
Okawaru was most pleased with you.
You were very full.

You visited 2 branches of the dungeon, and saw 9 of its levels.

You collected 169 gold pieces.

Inventory:

Armour
 a - a +0 robe (worn)
 e - a +1 cloak (worn)
 f - a cursed +0 shield
Jewellery
 d - an uncursed amulet of regeneration {unknown}
 j - a +4 amulet of reflection (around neck)
 t - a cursed ring of protection from cold {unknown}
Wands
 s - a wand of enslavement (8/24)
Scrolls
 k - a scroll of recharging {unknown}
 l - 2 scrolls of teleportation {unknown}
 o - a scroll of remove curse
 r - a scroll of summoning {unknown}
Potions
 h - 2 potions of curing
 n - a potion of flight {unknown}
 p - 2 potions of degeneration {unknown}
 q - a potion of might {unknown}
Comestibles
 b - 5 bread rations
 c - 2 beef jerkies
 g - 3 meat rations
 i - 2 slices of pizza
 m - 8 chunks of flesh


   Skills:
 + Level 5.5 Fighting
 + Level 5.7 Dodging
 - Level 1.0 Stealth
 * Level 9.0 Unarmed Combat


You had 8 spell levels left.
You didn't know any spells.

Dungeon Overview and Level Annotations

Branches:
Dungeon (8/15)             Temple (1/1) D:5            Lair (0/6) D:8

Altars:
Ashenzari
Cheibriados
Dithmenos
Elyvilon
Fedhas
Gozag
Hepliaklqana
Kikubaaqudgha
Nemelex Xobeh
Okawaru
Sif Muna
Trog
Uskayaw
Yredelemnul
Zin
The Shining One

Shops:
D:4 (   D:5 =   D:8 }


Innate Abilities, Weirdness & Mutations

You are too large for most types of armour.
You have claws for hands.
Your metabolism is lightning-fast.
You like to eat raw meat.
Your natural rate of healing is unusually fast.
You are covered in fur. (AC +1)
You have very tough skin. (AC +2)


Message History

You are too injured to fight recklessly!
You are too injured to fight recklessly!
The river rat misses you. The porcupine closely misses you.
The yak barely misses you.
You claw the yak! x2
The yak is heavily wounded.
The porcupine closely misses you. The river rat completely misses you.
The yak barely misses you. The yak gores you!
* * * LOW HITPOINT WARNING * * *
As you read the scroll labeled QYOSHO RUTTURGH, it crumbles to dust.
You feel blessed for a moment.
It was a scroll of remove curse.
You block the porcupine's attack. The yak barely misses you.
The river rat barely misses you. The yak gores you!
* * * LOW HITPOINT WARNING * * *
The yak closely misses you.
It was a potion of curing.
You feel better. The porcupine barely misses you. The yak gores you.
* * * LOW HITPOINT WARNING * * *
The river rat closely misses you. The yak gores you!
You die...

... ... ...## #... ......
.... ....P. ..... ......
..♣... .♣....♣ ♣Y.....
.......Y♣rYY....
.......P@♣♣...♣.
#.♣♣....rYY......
######.P......Y......P
#............♣........
#........P.P.......P..
#.........P......P..$.
#..........♣........#.
#.....####...P......##+#...
+.....# #.................


You could see 7 yaks, a porcupine and a river rat.

Vanquished Creatures
  4 yaks
  2 basilisks (D:8)
  The ghost of slr42 the Conjurer, an amateur DsWz (D:4)
  Menkaure (D:4)
  2 porcupines (D:8)
  An orc warrior (D:6)
  A black bear (D:6)
  An ice beast (D:8)
  A phantom (D:4)
  A crocodile (D:8)
  A centaur zombie (D:5)
  A crimson imp (D:7)
  A quasit (D:7)
  A hound (D:5)
  A bullfrog zombie (D:7)
  2 orc priests (D:7)
  A bullfrog skeleton (D:5)
  4 worker ants
  An orc wizard (D:7)
  A river rat (D:8)
  4 adders (D:4)
  A shadow imp (D:7)
  A worm (D:2)
  A dart slug (D:4)
  A leopard gecko (D:6)
  3 orcs
  3 bats
  2 giant cockroaches (D:4)
  2 goblins
  A hobgoblin (D:2)
  7 jackals (D:4)
  3 quokkas
  A ball python (D:4)
  3 frilled lizards
  2 goblin skeletons (D:7)
  A hobgoblin zombie (D:7)
  2 kobolds
  A kobold skeleton (D:7)
  2 kobold zombies (D:7)
  A leopard gecko skeleton (D:4)
  2 orc skeletons (D:7)
  2 orc zombies (D:7)
  A rat (D:2)
76 creatures vanquished.

Vanquished Creatures (others)
  A plant (D:8)
1 creature vanquished.

Grand Total: 77 creatures vanquished

Notes
Turn   | Place    | Note
-------+----------+-------------------------------------------
     0 | D:1      | Amnesiac the Troll Monk began the quest for the Orb.
     0 | D:1      | Reached XP level 1. HP: 22/22 MP: 0/0
   261 | D:2      | Found a hazy altar of Hepliaklqana.
   289 | D:2      | Reached XP level 2. HP: 29/29 MP: 1/1
   352 | D:3      | Reached XP level 3. HP: 29/36 MP: 2/2
   392 | D:4      | Found Wiab's Weapon Emporium.
   663 | D:4      | Noticed an ogre
   705 | D:5      | Entered Level 5 of the Dungeon
   742 | D:5      | Found Nessofepp's Jewellery Shop.
   755 | D:4      | Noticed a phantom
   775 | D:4      | Killed a phantom
   775 | D:4      | Reached skill level 4 in Unarmed Combat
   775 | D:4      | Reached XP level 4. HP: 38/45 MP: 3/3
   836 | D:4      | Noticed slr42's ghost (amateur DsWz)
   964 | D:4      | Killed slr42's ghost
   964 | D:4      | Reached skill level 5 in Unarmed Combat
   964 | D:4      | Reached XP level 5. HP: 45/53 MP: 4/4
  1060 | D:4      | Noticed Menkaure
  1068 | D:4      | Reached XP level 6. HP: 53/61 MP: 5/5
  1073 | D:4      | Killed Menkaure
  1099 | D:4      | Found a deep blue altar of Sif Muna.
  1150 | D:4      | Found a shattered altar of Ashenzari.
  1437 | D:5      | Reached skill level 6 in Unarmed Combat
  1437 | D:5      | Reached XP level 7. HP: 64/68 MP: 6/6
  1454 | D:5      | Found a staircase to the Ecumenical Temple.
  1458 | Temple   | Entered the Ecumenical Temple
  1520 | Temple   | Became a worshipper of Warmaster Okawaru
  1520 | Temple   | Reached * piety under Okawaru
  1520 | Temple   | Reached ** piety under Okawaru
  1695 | D:7      | Found a glowing golden altar of the Shining One.
  1704 | D:7      | Reached skill level 7 in Unarmed Combat
  1840 | D:8      | Found Dixo Nubo's Gadget Boutique.
  1840 | D:8      | Noticed a yak
  1840 | D:8      | Noticed a yak
  1847 | D:8      | Noticed a yak
  1850 | D:8      | Noticed a yak
  1851 | D:7      | Killed a yak
  1851 | D:7      | Reached XP level 8. HP: 57/79 MP: 7/7
  1946 | D:8      | Found a shadowy altar of Dithmenos.
  1955 | D:8      | Found a white marble altar of Elyvilon.
  2003 | D:8      | Reached skill level 5 in Dodging
  2037 | D:8      | Reached *** piety under Okawaru
  2037 | D:8      | Reached skill level 5 in Fighting
  2037 | D:8      | Reached skill level 8 in Unarmed Combat
  2261 | D:8      | Reached XP level 9. HP: 75/88 MP: 8/8
  2270 | D:8      | Found a staircase to the Lair.
  2284 | D:8      | Reached skill level 9 in Unarmed Combat
  2294 | D:8      | Slain by a yak

Vault maps used:
D:1:      dpeg_arrival_ternary
D:2:      doesnt_xom_only_xom, old_standard_altar, marbit_many_paths,
          minmay_misc_feat_four_crosses, corexii_shack
D:3:      corexii_shack_village, vehumet_crystals, first_bread
D:4:      kb_forest_paths, led_sif_pool, lemuel_doored_altar,
          gup_sewer_entry_glass, serial_shops, nicolae_shop_trees, uniq_menkaure
D:5:      lemuel_ice_spiral_2, old_standard_altar, serial_shops,
          kennysheep_mini_moat, uniq_eustachio
D:6:      kennysheep_spiral_hall, serial_shops, shop, hex_large,
          lightli_corner_chamber
D:7:      nicolae_tso_besieged_by_evil
D:8:      grunt_temple_overflow_open, makhleb_altar_promises_db,
          minmay_lair_entry_grove, serial_shops, nicolae_shop_waterfront,
          hangedman_ranch
Temple:   jpeg_temple_alley_garden

Skill      XL: |  1  2  3  4  5  6  7  8  9 |
---------------+----------------------------+-----
Fighting       | 3 4 5 |  5.5
Dodging        | 3 4 5 |  5.7
Unarmed Combat | 4 5 6 7 8 9 |  9.0
Stealth        | |  1.0

Action                   |  1- 3 |  4- 6 |  7- 9 || total
-------------------------+-------+-------+-------++-------
Melee: Unarmed           |    56 |    64 |   128 ||   248
       Punch             |     1 |     3 |     5 ||     9
  Use: Scroll            |     3 |       |     1 ||     4
       Potion            |       |       |     1 ||     1
 Stab: Sleeping          |     3 |     1 |       ||     4
  Eat: Chunk             |     9 |    10 |     7 ||    26
Armor: Robe              |    28 |    22 |    26 ||    76
Dodge: Dodged            |    32 |    30 |    59 ||   121
Block: Other             |     1 |    14 |    15 ||    30
